 Dungeon Crawl Stone Soup version 0.25-a0-782-g655279ceaa (webtiles) character file.

Game seed: 15035430441924472520, levelgen mode: deterministic

404 Flugslaktarn the Chopper (level 6, -5/56 HPs)
             Began as a Minotaur Fighter on Apr 16, 2020.
             Slain by a slave (6 damage)
             ... led by Pikel
             ... while paralysed by Pikel
             ... on level 5 of the Dungeon.
             The game lasted 00:01:01 (2516 turns).

Flugslaktarn the Chopper (Minotaur Fighter)         Turns: 2516, Time: 00:01:02

Health: -5/56      AC:  7    Str: 22    XL:     6   Next: 56%
Magic:  5/5        EV:  2    Int:  5    God:
Gold:   81         SH:  0    Dex: 10    Spells: 5/5 levels left

rFire    . . .     SeeInvis .   a - +0 war axe
rCold    . . .     Gourm    .   c - +0 kite shield
rNeg     . . .     Faith    .   b - +0 scale mail
rPois    .         Spirit   .   (helmet restricted)
rElec    .         Reflect  .   (no cloak)
rCorr    .         Harm     .   (no gloves)
MR       .....                  (no boots)
Stlth    ..........             d - amulet of regeneration
HPRegen  0.58/turn              (no ring)
MPRegen  0.09/turn              (no ring)

@: paralysed
A: retaliatory headbutt, horns 2
a: no special abilities


You were on level 5 of the Dungeon.
You were not hungry.

You visited 1 branch of the dungeon, and saw 5 of its levels.

You collected 81 gold pieces.

Inventory:

Hand Weapons
 a - a +0 war axe (weapon)
Missiles
 h - 2 throwing nets (quivered)
Armour
 b - a +0 scale mail (worn)
 c - a +0 kite shield (worn)
Jewellery
 d - an amulet of regeneration (around neck)
   (You found it on level 4 of the Dungeon)
 m - an uncursed amulet of faith {unknown}
   (You found it on level 2 of the Dungeon)
 s - an uncursed ring of poison resistance {unknown}
   (You found it on level 5 of the Dungeon)
Scrolls
 g - 2 scrolls of identify {unknown}
 k - a scroll of amnesia {unknown}
 n - a scroll of magic mapping {unknown}
 o - a scroll of blinking {unknown}
 p - a scroll of teleportation {unknown}
Potions
 f - a potion of mutation {unknown}
 i - a potion of heal wounds {unknown}
 j - a potion of flight {unknown}
 l - a potion of curing {unknown}
 q - a potion of invisibility {unknown}
Comestibles
 e - 5 rations
 r - 2 chunks of flesh


   Skills:
 + Level 5.2 Fighting
 * Level 5.7 Axes
 + Level 5.1 Armour
 + Level 5.0 Shields


You had 5 spell levels left.
You didn't know any spells.
Your spell library was empty.

Dungeon Overview and Level Annotations

Branches:
Dungeon (5/15)
 Temple: D:4-7

Altars:
Hepliaklqana
Trog
Yredelemnul

Annotations:
D:5 Pikel


Innate Abilities, Weirdness & Mutations

You reflexively headbutt those who attack you in melee.
You have a pair of horns on your head.


Message History

You closely miss the slave. You completely miss the slave.
Your shield and scale mail prevent you from hitting Pikel.
You block the slave's attack. The slave hits you.
Pikel zaps a wand.
You suddenly lose the ability to move!
The slave hits you but does no damage. The slave hits you.
Pikel barely misses you. The slave hits you but does no damage.
The slave hits you. Pikel hits you but does no damage. The slave hits you. x5
Pikel hits you with a +2 whip of flaming.
Pikel burns you. The slave hits you but does no damage.
The slave barely misses you. Pikel hits you but does no damage.
The slave hits you.
* * * LOW HITPOINT WARNING * * *
The slave hits you.
* * * LOW HITPOINT WARNING * * *
The slave barely misses you. The slave hits you.
* * * LOW HITPOINT WARNING * * *
The slave hits you!
* * * LOW HITPOINT WARNING * * *
Pikel hits you but does no damage. The slave hits you.
You die...

#. #.. ##########
...####........#
..............#
#............#
#............#
##............##
######pp............#
#⌠_.'.K@...####.....#
#⌠_.'.pp......#.....#
###8###.#####.#.....#
# #.# #.....# #.#
#.....# #.# #.#####
#.# #.# ... #.#
#####.#####


You could see Pikel and 4 slaves.

Vanquished Creatures
  An ogre (D:4)
  A scorpion (D:4)
  A howler monkey (D:4)
  An orc priest (D:4)
  An iguana (D:4)
  A hound skeleton (D:4)
  Robin (D:2)
  4 adders
  3 gnolls (D:2)
  An adder skeleton (D:4)
  A dart slug (D:4)
  7 leopard geckos
  10 orcs
  4 giant cockroaches
  10 goblins
  7 hobgoblins
  A quokka (D:4)
  2 bats (D:1)
  4 frilled lizards
  8 kobolds
  2 leopard gecko skeletons (D:2)
  3 rats
74 creatures vanquished.

Notes
Turn   | Place    | Note
-------+----------+-------------------------------------------
     0 | D:1      | Flugslaktarn the Minotaur Fighter began the quest for the
                  | Orb.
     0 | D:1      | Reached XP level 1. HP: 19/19 MP: 0/0
   262 | D:1      | Reached XP level 2. HP: 27/27 MP: 1/1
   459 | D:2      | Reached XP level 3. HP: 8/33 MP: 2/2
   904 | D:2      | Found a bloodstained altar of Trog.
   949 | D:2      | Reached XP level 4. HP: 39/40 MP: 3/3
  1061 | D:2      | Noticed Robin
  1076 | D:2      | Killed Robin
  1463 | D:4      | Reached XP level 5. HP: 40/47 MP: 4/4
  1990 | D:4      | Reached skill level 5 in Axes
  2161 | D:4      | Reached XP level 6. HP: 48/55 MP: 5/5
  2257 | D:4      | Reached skill level 5 in Fighting
  2316 | D:4      | Reached skill level 5 in Armour
  2316 | D:4      | Reached skill level 5 in Shields
  2420 | D:5      | Entered Level 5 of the Dungeon
  2505 | D:5      | Noticed Pikel
  2505 | D:5      | Noticed a slave
  2505 | D:5      | Noticed a slave
  2506 | D:5      | Found a hazy altar of Hepliaklqana.
  2506 | D:5      | Found a basalt altar of Yredelemnul.
  2506 | D:5      | Noticed a slave
  2506 | D:5      | Noticed a slave
  2511 | D:5      | Paralysed by Pikel for 6 turns
  2516 | D:5      | HP: 1/56 [slave[Pikel] (8)]
  2516 | D:5      | Slain by a slave

Levels and vault maps discovered:
D:1:      minmay_arrival_hallway, layout_loops_ring, minmay_hedge_maze
D:2:      layout_basic, serial_undead, serial_undead_e, serial_undead_d,
          serial_undead_c, serial_undead_d, grunt_ministairs_1,
          trog_three_pillars_becter, uniq_robin
D:3:      layout_loops_corners, makhleb_heckhound_becter, marbit_many_paths,
          fiery_altar_vehumet
D:4:      layout_basic, first_ration
D:5:      minmay_razor_zed, layout_basic, kiku_gazebo_pond_becter,
          gammafunk_temple_overflow_wave, uniq_pikel

Skill      XL: |  1  2  3  4  5  6 |
---------------+-------------------+-----
Axes           | 3 4 5 |  5.7
Fighting       | 4 5 |  5.2
Armour         | 4 5 |  5.1
Shields        | 4 5 |  5.0

Action                   |  1- 3 |  4- 6 || total
-------------------------+-------+-------++-------
Melee: War axe           |    68 |   129 ||   197
       Headbutt          |     4 |    20 ||    24
  Use: Potion            |     1 |       ||     1
  Eat: Chunk             |       |     5 ||     5
Armor: Scale mail        |    35 |    42 ||    77
Dodge: Dodged            |    25 |    32 ||    57
Block: Kite shield       |    45 |    65 ||   110

Table legend:
 A = Non-vault XP
 B = Vault XP
 C = Vault XP percentage of total XP
 D = Non-vault monster count
 E = Vault monster count
 F = Vault count percentage of total count
                 A         B        C        D         E       F
            +---------+---------+-------+---------+---------+-------
      Total |     539 |      39 |   6.7 |      59 |      15 |  20.3
            +---------+---------+-------+---------+---------+-------
        D:1 |      22 |       0 |   0.0 |      15 |       0 |   0.0
        D:2 |     106 |      39 |  26.9 |      17 |      15 |  46.9
        D:3 |      15 |       0 |   0.0 |       6 |       0 |   0.0
        D:4 |     396 |       0 |   0.0 |      21 |       0 |   0.0
            +---------+---------+-------+---------+---------+-------
